 Dungeon Crawl Stone Soup version 0.30-a0-782-ge64f9170bb (webtiles) character file.

Game seed: 16830249344713917639

65 mopl the Shooter (level 4, 0/42 HPs)
             Began as an Octopode Hexslinger on Mar 2, 2023.
             Shot with a sling bullet by a goblin (4 damage)
             ... on level 2 of the Dungeon.
             The game lasted 00:01:43 (1472 turns).

mopl the Shooter (Octopode Hexslinger)              Turns: 1472, Time: 00:01:44

Health: 0/42       AC:  1    Str:  9    XL:     4   Next: 13%
Magic:  5/5        EV: 13    Int: 15    God:
Gold:   115        SH:  0    Dex: 14    Spells: 4/5 levels left

rFire   . . .      SeeInvis .    (no weapon)
rCold   . . .      Faith    .    (no shield)
rNeg    . . .      Spirit   .    (helmet restricted)
rPois   .          Reflect  .    (no amulet)
rElec   .          Harm     .    (no ring)
rCorr   .          Rampage  .    (no ring)
Will    .....                    (no ring) Stlth
                                 (no ring)
HPRegen 0.27/turn                (no ring)
MPRegen 0.09/turn                (no ring)
                                 (no ring)
                                 (no ring)

@: berserking, lethally poisoned (0 -> -4), very quick
A: almost no armour, amphibious, 8 rings, camouflage 1, gelatinous body 1,
(nimble swimmer 1), tentacles
a: no special abilities


You were on level 2 of the Dungeon.
You visited 1 branch of the dungeon, and saw 2 of its levels.

You collected 115 gold pieces.

Inventory:

Hand Weapons
 a - a +1 sling
Scrolls
 b - 2 scrolls of poison
 c - a scroll of blinking {unknown}
 d - a scroll of enchant armour {unknown}
 e - a scroll of fog {unknown}
 f - 4 scrolls of identify {unknown}
 i - a scroll of teleportation {unknown}
Potions
 g - a potion of flight {unknown}
 h - a potion of berserk rage {!q}
 j - a potion of curing {unknown}


   Skills:
 + Level 1.4 Fighting
 * Level 3.6 Ranged Weapons
 + Level 2.3 Dodging
 - Level 1.0 Spellcasting
 + Level 3.2 Hexes


You had 4 spell levels left.
You knew the following spells:

 Your Spells              Type           Power      Damage    Failure   Level
a - Slow                  Hex            40%        N/A       6%          1

Your spell library contained the following spells:

 Spells                   Type           Power      Damage    Failure   Level
 Inner Flame              Hex/Fire       5%         N/A       36%         3
 Portal Projectile        Hex/Tloc       10%        N/A       36%         3
 Cause Fear               Hex            5%         N/A       54%         4
 Call Canine Familiar     Summ           0%         N/A       58%         3
 Leda's Liquefaction      Hex/Erth       2%         N/A       77%         4
 Airstrike                Air            0%         2d(0-16)  94%         4
 Summon Lightning Spire   Summ/Air       0%         N/A       94%         4
 Lightning Bolt           Conj/Air       0%         1d11      100%        5


Dungeon Overview and Level Annotations

Branches:
Dungeon (2/15)

Altars:
Zin


Innate Abilities, Weirdness & Mutations

You cannot wear most types of armour.
You are amphibious.
You can wear up to eight rings at the same time.
Your skin changes colour to match your surroundings (Stealth+).
Your rubbery body absorbs attacks. (AC +1, EV +1)
((You are camouflaged when in or above water. (Stealth+)))
You have tentacles for arms and can constrict up to eight enemies at once.


Message History

The sling bullet closely misses the adder.
You feel sick.
The kobold hits you with a +0 short sword.
The adder barely misses you.
You are too injured to fight recklessly!
You are too injured to fight recklessly!
Fire: a) +1 sling
Press: ? - help, Q - select action, (/) - cycle Shift-Dir - straight line, f/p - adder
Aim: an adder (moderately wounded, 38% to hit)
You shoot a sling bullet. The sling bullet hits the adder.
The adder is heavily wounded.
You feel sick. The adder closely misses you.
The kobold hits you with a +0 short sword.
* * * LOW HITPOINT WARNING * * *
The adder barely misses you. The kobold closely misses you.
Unknown command.
It was a potion of berserk rage.
A red film seems to cover your vision as you go berserk!
You feel yourself moving faster!
You feel mighty!
You feel sick. The adder closely misses you.
The kobold hits you but does no damage.
You are now empty-tentacled.
You feel a strong urge to attack something.
The adder barely misses you.
You closely miss the adder. Your grab misses the adder.
The adder is heavily wounded.
The kobold barely misses you.
A goblin comes into view. It is wielding a +0 club.
You miss the adder. Your grab misses the adder. Your squeeze misses the adder.
The adder is heavily wounded.
You feel sick. The adder bites you.
* * * LOW HITPOINT WARNING * * *
You are lethally poisoned!
The adder poisons you!
You tentacle-slap the adder.
You kill the adder!
* * * LOW HITPOINT WARNING * * *
You feel sick. The kobold closely misses you.
The goblin unwields a +0 club.
The goblin wields a +0 sling.
The goblin shoots a sling bullet.
The sling bullet hits you.
You die...

######################
#....................##
#......................
#.#.......#....@..#...
#......#......#.K....#
#....#.....#...g.#.....
#...#.).)#....#....#..g
#.#...#...#..(#...#. .#
#....#..#..#..#..#. # .
#.#.#.#.#.#.#.#.#.#.
#.#.##.##.##.###.# .#
#.##.### ## [# #####


You could see 2 goblins and a kobold.

Vanquished Creatures
  5 adders (D:2)
  2 dart slugs (D:1)
  2 ball pythons
  A bat (D:2)
  An endoplasm (D:1)
  2 giant cockroaches (D:1)
  2 goblins
  A hobgoblin (D:2)
  7 kobolds
  2 quokkas
  A frilled lizard (D:1)
26 creatures vanquished.

Notes
Turn   | Place    | Note
-------+----------+-------------------------------------------
     0 | D:1      | mopl the Octopode Hexslinger began the quest for the Orb.
     0 | D:1      | Reached XP level 1. HP: 13/13 MP: 2/2
   166 | D:1      | Reached XP level 2. HP: 12/18 MP: 3/3
   453 | D:1      | Reached skill level 3 in Ranged Weapons
   926 | D:2      | Reached XP level 3. HP: 15/23 MP: 2/4
  1224 | D:2      | Found a glowing silver altar of Zin.
  1441 | D:2      | Reached XP level 4. HP: 28/28 MP: 5/5
  1472 | D:2      | Shot with a sling bullet by a goblin

Illustrated notes

Levels and vault maps discovered:
D:1:      ncdulo_smallfort, layout_loops_ring, minivault_23
D:2:      layout_rooms, basic_altar, grunt_decor_one_mirror,
          minmay_increasing_density

Skill      XL: |  1  2 |
---------------+-------+-----
Ranged Weapons | 3 |  3.6
Fighting       | |  1.4
Dodging        | |  2.3
Spellcasting   | |  1.0
Hexes          | |  3.2

Action                     |  1- 3 |  4- 6 || total
---------------------------+-------+-------++-------
  Melee: Unarmed           |       |     3 ||     3
   Fire: Sling             |    91 |    14 ||   105
   Cast: Slow              |     3 |       ||     3
    Use: Potion            |       |     1 ||     1
 Armour: Skin              |     7 |     2 ||     9
  Dodge: Dodged            |    32 |    13 ||    45

Table legend: (Time is in decaauts)
 A = Elapsed time spent in this place.
 B = Non-inter-level travel time spent in this place.
 C = Inter-level travel time spent in this place.
 D = Time resting spent in this place.
 E = Time spent auto-exploring this place.
 F = Levels seen in this place.
 G = Mean time per level.
                   A        B        C        D        E       F      G
               +--------+--------+--------+--------+--------+-----+--------+
         Total |   1496 |   1487 |      9 |    276 |   1011 |   2 |  748.0 |
       Dungeon |   1496 |   1487 |      9 |    276 |   1011 |   2 |  748.0 |
               +--------+--------+--------+--------+--------+-----+--------+

Top non-repeatable levels by time:
     D:1: 753 daAuts
     D:2: 742 daAuts
